 Dungeon Crawl Stone Soup version 0.30-a0-719-gcc4359ea44 (webtiles) character file.

Game seed: 2157035612751942234

116 browni3141 the Trooper (level 4, 0/35 HPs)
             Began as a Mummy Cinder Acolyte on Jan 26, 2023.
             Was a High Priest of Ignis.
             Slain by an iguana (11 damage)
             ... on level 3 of the Dungeon.
             The game lasted 00:05:09 (2154 turns).

browni3141 the Trooper (Mummy Cinder Acolyte)       Turns: 2154, Time: 00:05:10

Health: 0/35       AC: 10    Str: 19    XL:     4   Next: 69%
Magic:  6/6        EV: 10    Int: 13    God:    Ignis [*****.]
Gold:   101        SH:  2    Dex:  7    Spells: 3/5 levels left

rFire   . . .      SeeInvis .    d - +0 whip (pain)
rCold   + . .      Faith    +    j - +0 buckler
rNeg    + + +      Spirit   .    k - +0 leather armour
rPois   ∞          Reflect  .    (no helmet)
rElec   .          Harm     .    (no cloak)
rCorr   .          Rampage  .    (no gloves)
Will    .....                    (no boots)
Stlth   +                        (no amulet)
HPRegen 0.25/turn                (no ring)
MPRegen 0.10/turn                (no ring)

@: fiery-armoured, studying Throwing
A: cold resistance 1, negative energy resistance 3, torment resistance 2, heat
vulnerability 1, in touch with death 1, no potions, faith
a: Renounce Religion, Fiery Armour, Foxfire Swarm, Rising Flame


You were on level 3 of the Dungeon.
You worshipped Ignis.
Ignis was extremely pleased with you.
You visited 1 branch of the dungeon, and saw 3 of its levels.

You collected 101 gold pieces.

Inventory:

Hand Weapons
 a - a -1 spear of flaming
 c - a +0 spear
 d - a +0 whip of pain (weapon)
Armour
 b - a +0 robe
 j - a +0 buckler (worn)
 k - a +0 leather armour (worn)
Scrolls
 e - a scroll of amnesia {unknown}
 f - a scroll of blinking {unknown}
 g - a scroll of vulnerability {unknown}
 h - a scroll of enchant weapon {unknown}
 i - 3 scrolls of identify {unknown}


   Skills:
 - Level 3.0 Fighting
 * Level 2.6 Maces & Flails
 - Level 2.4 Polearms
 - Level 1.4 Stealth
 * Level 0.0 Shields
 - Level 1.3 Spellcasting
 + Level 2.0 Necromancy
 - Level 2.4 Fire Magic


You had 3 spell levels left.
You knew the following spells:

 Your Spells              Type           Power      Damage    Failure   Level
a - Scorch                Fire           14%        2d5       26%         2

Your spell library contained the following spells:

 Spells                   Type           Power      Damage    Failure   Level


Dungeon Overview and Level Annotations

Branches:
Dungeon (3/15)

Altars:
Wu Jian


Innate Abilities, Weirdness & Mutations

You are immune to poison.
Your flesh is cold resistant. (rC+)
You are immune to negative energy. (rN+++)
You are immune to unholy pain and torment.
You are vulnerable to heat. (rF-)
You are in touch with the powers of death.
You do not drink.
You have a special connection with the divine. (Faith)


Message History

Found an ornate altar of the Wu Jian Council.
The ball python hisses angrily.
The bat misses you.
You closely miss the bat. The bat hits you.
You hit the ball python.
The ball python writhes in agony.
The ball python is severely wounded.
The bat closely misses you. The ball python barely misses you.
The ball python closely misses you.
You hit the ball python.
You kill the ball python!
The bat hits you but does no damage.
You hit the bat.
You kill the bat!
No target in view!
i - 3 scrolls labelled IBUWENE LOYCZI (gained 1)
You open the door.
Found 2 metallic grey potions.
There is an open door here.
You see here 2 metallic grey potions.
An iguana comes into view.
The iguana hisses angrily.
You hit the iguana but do no damage.
The iguana writhes in agony.
The iguana is lightly wounded.
The iguana closely misses you.
You hit the iguana but do no damage.
The iguana is lightly wounded.
The iguana bites you!
You barely miss the iguana.
The iguana is lightly wounded.
The iguana bites you.
You hit the iguana.
The iguana is lightly wounded.
The iguana bites you!
* * * LOW HITPOINT WARNING * * *
You are too injured to fight recklessly!
You are too injured to fight recklessly!
You are too injured to fight recklessly!
A protective cloak of flame settles atop you.
The iguana bites you!
You die...

#.# #..
#.##......
#.#
#.###..._.
... #.# ###
#########.#
#.........#
#.#########
#.# #.# #@#
#l# #.# #..
###


You could see an iguana.

Vanquished Creatures
  A phantom (D:2)
  An adder (D:2)
  6 bats
  3 endoplasms
  2 giant cockroaches
  A goblin (D:2)
  3 hobgoblins
  2 jackals (D:1)
  4 quokkas
  4 ball pythons
  2 frilled lizards (D:2)
  2 kobolds (D:2)
  3 rats
34 creatures vanquished.

Notes
Turn   | Place    | Note
-------+----------+-------------------------------------------
     0 | D:1      | browni3141 the Mummy Cinder Acolyte began the quest for the
                  | Orb.
     0 | D:1      | Reached XP level 1. HP: 18/18 MP: 2/2
   195 | D:1      | Reached skill level 1 in Stealth
   400 | D:1      | Reached XP level 2. HP: 11/24 MP: 4/4
   698 | D:1      | Found a faded altar of an unknown god.
  1100 | D:2      | Reached skill level 1 in Maces & Flails
  1248 | D:2      | Learned a level 2 spell: Scorch
  1371 | D:2      | Gained mutation: You are in touch with the powers of death.
                  | [Mummy growth]
  1371 | D:2      | Reached XP level 3. HP: 24/29 MP: 2/5
  1420 | D:2      | Reached skill level 1 in Necromancy
  1652 | D:2      | Noticed a phantom
  1663 | D:2      | Killed a phantom
  1664 | D:2      | Reached XP level 4. HP: 31/35 MP: 1/6
  2097 | D:3      | Found an ornate altar of the Wu Jian Council.
  2154 | D:3      | Slain by an iguana

Illustrated notes

Levels and vault maps discovered:
D:1:      kilobyte_arrival_exit_the_forest, layout_basic,
          ebering_ecumenical_altar_sacrificial, minmay_misc_feat_alley,
          reono_crystal_passage
D:2:      layout_basic, minmay_pentomino_u2
D:3:      layout_basic, grunt_temple_overflow_open, kennysheep_donut

Skill      XL: |  1  2  3  4 |
---------------+-------------+-----
Stealth        | 1 |  1.4
Maces & Flails | 1 2 |  2.6
Necromancy     | 1 2 |  2.0
Fighting       | |  3.0
Polearms       | |  2.4
Spellcasting   | |  1.3
Fire Magic     | |  2.4

Action                     |  1- 3 |  4- 6 || total
---------------------------+-------+-------++-------
  Melee: Spear             |   110 |       ||   110
         Whip              |    42 |    18 ||    60
         Punch             |       |     1 ||     1
   Cast: Scorch            |     3 |       ||     3
 Invoke: Fiery Armour      |     1 |     1 ||     2
   Stab: Sleeping          |     2 |       ||     2
 Armour: Robe              |    27 |     5 ||    32
         Leather armour    |       |     1 ||     1
  Dodge: Dodged            |    85 |    15 ||   100

Table legend: (Time is in decaauts)
 A = Elapsed time spent in this place.
 B = Non-inter-level travel time spent in this place.
 C = Inter-level travel time spent in this place.
 D = Time resting spent in this place.
 E = Time spent auto-exploring this place.
 F = Levels seen in this place.
 G = Mean time per level.
                   A        B        C        D        E       F      G
               +--------+--------+--------+--------+--------+-----+--------+
         Total |   2160 |   2076 |     84 |     75 |   1644 |   3 |  720.0 |
       Dungeon |   2160 |   2076 |     84 |     75 |   1644 |   3 |  720.0 |
               +--------+--------+--------+--------+--------+-----+--------+

Top non-repeatable levels by time:
     D:1: 1042 daAuts
     D:2: 924 daAuts
     D:3: 193 daAuts
